 Dungeon Crawl Stone Soup version 0.29.1-12-g30fa7ad0bf (webtiles) character file.

Game seed: 1560521666893668221

51 mopl the Magician (level 3, 0/21 HPs)
             Began as an Octopode Hedge Wizard on Jan 14, 2023.
             Slain by a gnoll
             ... wielding a +0 halberd
              (5 damage)
             ... on level 2 of the Dungeon.
             The game lasted 00:01:42 (1800 turns).

mopl the Magician (Octopode Hedge Wizard)           Turns: 1800, Time: 00:01:43

Health: 0/21       AC:  1    Str:  9    XL:     3   Next: 83%
Magic:  1/8        EV: 12    Int: 18    God:
Gold:   88         SH:  5    Dex: 11    Spells: 6/9 levels left

rFire   . . .      SeeInvis .   a - +0 dagger
rCold   + . .      Faith    .   h - +2 buckler
rNeg    . . .      Spirit   .   b - +0 hat
rPois   .          Reflect  .   (no amulet)
rElec   .          Harm     .   f - ring of protection from cold
rCorr   .          Rampage  .   (no ring)
Will    .....                   (no ring)
Stlth   +++.......              (no ring)
HPRegen 0.07/turn               (no ring)
MPRegen 0.11/turn               (no ring)
                                (no ring)
                                (no ring)

@: no status effects
A: almost no armour, amphibious, 8 rings, camouflage 1, gelatinous body 1,
(nimble swimmer 1), tentacles
a: no special abilities


You were on level 2 of the Dungeon.
You visited 1 branch of the dungeon, and saw 2 of its levels.

You collected 88 gold pieces.

Inventory:

Hand Weapons
 a - a +0 dagger (weapon)
Missiles
 n - 6 poisoned darts
Armour
 b - a +0 hat (worn)
 h - a +2 buckler (worn)
Jewellery
 f - a ring of protection from cold (left tentacle)
Scrolls
 d - a scroll of amnesia {unknown}
 e - a scroll of enchant armour {unknown}
 j - a scroll of vulnerability {unknown}
 l - a scroll of torment {unknown}
 q - a scroll of teleportation {unknown}
Potions
 c - 2 potions of magic
 g - 2 potions of attraction {unknown}
 i - a potion of haste {unknown}
 k - a potion of curing {unknown}
 m - a potion of might {unknown}
 o - a potion of berserk rage {unknown}
 p - a potion of degeneration {unknown}


   Skills:
 - Level 2.0 Dodging
 - Level 2.6 Stealth
 + Level 1.3 Shields
 + Level 3.5 Spellcasting
 + Level 2.2 Conjurations
 - Level 1.0 Summonings
 - Level 1.0 Translocations


You had 6 spell levels left.
You knew the following spells:

 Your Spells              Type           Power      Damage    Failure   Level
a - Magic Dart            Conj           44%        1d5       9%          1
e - Blink                 Tloc           12%        N/A       21%         2

Your spell library contained the following spells:

 Spells                   Type           Power      Damage    Failure   Level
 Apportation              Tloc           12%        N/A       14%         1
 Summon Small Mammal      Summ           24%        N/A       14%         1
 Necrotise                Necr           12%        1d4       21%         1
 Slow                     Hex            12%        N/A       21%         1
 Call Imp                 Summ           6%         N/A       21%         2
 Conjure Flame            Conj/Fire      7%         6-21      36%         3
 Mephitic Cloud           Conj/Pois/Air  5%         N/A       41%         3
 Confusing Touch          Hex            3%         N/A       52%         3
 Vampiric Draining        Necr           3%         2d6       52%         3


Dungeon Overview and Level Annotations

Branches:
Dungeon (2/15)

Altars:


Innate Abilities, Weirdness & Mutations

You cannot wear most types of armour.
You are amphibious.
You can wear up to eight rings at the same time.
Your skin changes colour to match your surroundings (Stealth+).
Your rubbery body absorbs attacks. (AC +1, EV +1)
((You are camouflaged when in or above water. (Stealth+)))
You have tentacles for arms and can constrict up to eight enemies at once.


Message History

No target in view!
Found a stone staircase leading up and a stone staircase leading down.
A goblin comes into view. It is wielding a +0 club.
A goblin is nearby!
The magic dart hits the goblin.
The goblin is severely wounded.
The goblin shouts!
The magic dart hits the goblin.
You kill the goblin!
You can't see any susceptible monsters within range! (Use Z to cast anyway.)
You now have 88 gold pieces (gained 10).
A gnoll comes into view. It is wielding a +0 halberd.
Found 6 gold pieces.
A gnoll is nearby!
The magic dart hits the gnoll.
The gnoll is lightly wounded.
The gnoll shouts!
The magic dart hits the gnoll.
The gnoll is lightly wounded.
The magic dart hits the gnoll but does no damage.
The gnoll is lightly wounded.
The magic dart hits the gnoll but does no damage.
The gnoll is lightly wounded.
The magic dart hits the gnoll.
The gnoll is lightly wounded.
The magic dart hits the gnoll but does no damage.
The gnoll is lightly wounded.
The gnoll closely misses you.
The magic dart hits the gnoll.
The gnoll is moderately wounded.
The gnoll barely misses you.
You are out of magic!
There is a stone staircase leading up here.
The gnoll hits you with a +0 halberd!
Ouch! That really hurt!
* * * LOW HITPOINT WARNING * * *
You barely miss the gnoll. You grab the gnoll.
The gnoll is moderately wounded.
You constrict the gnoll. The gnoll hits you with a +0 halberd.
You die...

# #$ .###. #.#.
#..# #>.#
########..#
..........##
.#######...########
#..g@<.).....
#....########
#.#.## #.#.# #.#.#
#.#.# #. #.#.# #.
#.#.# .....# #.
#.#.# .......#


You could see a gnoll.

Vanquished Creatures
  An adder (D:2)
  A dart slug (D:1)
  4 endoplasms
  3 giant cockroaches
  7 goblins
  A hobgoblin (D:1)
  3 kobolds
  3 quokkas
  3 ball pythons (D:1)
  5 bats
  3 frilled lizards
  6 rats
40 creatures vanquished.

Notes
Turn   | Place    | Note
-------+----------+-------------------------------------------
     0 | D:1      | mopl the Octopode Hedge Wizard began the quest for the Orb.
     0 | D:1      | Reached XP level 1. HP: 11/11 MP: 4/4
   487 | D:1      | Reached XP level 2. HP: 17/17 MP: 6/6
  1127 | D:1      | Reached XP level 3. HP: 19/21 MP: 7/7
  1165 | D:1      | Learned a level 2 spell: Blink
  1190 | D:1      | Reached skill level 2 in Conjurations
  1236 | D:1      | Found a faded altar of an unknown god.
  1384 | D:1      | Reached skill level 1 in Shields
  1800 | D:2      | Slain by a gnoll

Illustrated notes

Levels and vault maps discovered:
D:1:      ncdulo_lavacross, layout_loops_ring, ebering_ecumenical_altar_box,
          minmay_pentomino_r4
D:2:      kennysheep_big_flooded_room, layout_loops_ring, minivault_4,
          due_unseen_surprise

Skill      XL: |  1  2  3 |
---------------+----------+-----
Conjurations   | 2 |  2.2
Shields        | 1 |  1.3
Dodging        | |  2.0
Stealth        | |  2.6
Spellcasting   | |  3.5
Summonings     | |  1.0
Translocations | |  1.0

Action                   || total
-------------------------++-------
Melee: Dagger            ||    58
       Constrict         ||    15
       Tentacles         ||    13
 Cast: Magic Dart        ||    28
 Stab: Sleeping          ||    11
Armor: Skin              ||     6
Dodge: Dodged            ||    20
Block: Buckler           ||     7
